 Dungeon Sprint DCSS version 0.26-b1-45-g23770d1d51 (webtiles) character file.

Game seed: 12037660377992021135

138 radhat240 the Protected (level 8, -20/83 HPs)
             Began as a Minotaur Fighter on Jan 6, 2021.
             Was an Elder of Makhleb.
             Killed from afar by a deep elf mage (25 damage)
             ... with a bolt of cold
             ... in the Dungeon (Sprint VI: "Thunderdome").
             The game lasted 00:09:35 (404 turns).

radhat240 the Protected (Minotaur Fighter)           Turns: 404, Time: 00:09:36

Health: -20/83     AC:  9    Str: 23    XL:     8   Next: 55%
Magic:  7/7        EV:  9    Int:  5    God:    Makhleb [****..]
Gold:   200        SH: 12    Dex: 10    Spells: 7/7 levels left

rFire    . . .     SeeInvis .   a - +0 war axe (flame)
rCold    . . .     Faith    .   c - +0 kite shield
rNeg     . . .     Spirit   .   b - +0 scale mail
rPois    .         Reflect  .   (helmet restricted)
rElec    .         Harm     .   (no cloak)
rCorr    .         Rampage  .   (no gloves)
Will     .....     NoTele   +   (no boots)
Stlth    ..........             (no amulet)
HPRegen  0.23/turn              (no ring)
MPRegen  0.10/turn              (no ring)

@: no status effects
A: retaliatory headbutt, horns 2
a: Renounce Religion, Minor Destruction, Lesser Servant of Makhleb, Major
Destruction


You were in the Dungeon.
You worshipped Makhleb.
Makhleb was greatly pleased with you.
You visited 1 branch You collected 400 gold pieces.
You spent 200 gold pieces at shops.

Inventory:

Hand Weapons
 a - a +0 war axe of flaming (weapon)
Armour
 b - a +0 scale mail (worn)
 c - a +0 kite shield (worn)
Wands
 k - a wand of acid (5)
 l - a wand of iceblast (5)
Scrolls
 j - 4 scrolls of blinking
 m - 3 scrolls of fog
Potions
 d - a potion of might
 e - a potion of curing
 f - 3 potions of heal wounds
 g - 4 potions of haste
 h - 2 potions of magic
 i - a potion of berserk rage
 n - a potion of resistance


   Skills:
 + Level 11.9 Fighting
 + Level 11.2 Axes
 + Level 12.0 Armour
 + Level 11.9 Shields


You had 7 spell levels left.
You didn't know any spells.
Your spell library was empty.

Dungeon Overview and Level Annotations

Branches:
Dungeon (1/1)

Altars:
Cheibriados
Dithmenos
Fedhas
Gozag
Kikubaaqudgha
Makhleb
Okawaru
Qazlal
Ru
Sif Muna
Trog
Uskayaw
Vehumet
Wu Jian
Xom
Yredelemnul
Zin
The Shining One
Beogh
Jiyva
Lugonu

Shops:
D *[??*?*:[((!!!!


Innate Abilities, Weirdness & Mutations

You reflexively headbutt those who attack you in melee.
You have a pair of horns on your head.


Message History

The deep elf mage is severely wounded.
The deep elf mage points at you and mumbles some strange words.
The bolt of cold hits you!!
* * * LOW HITPOINT WARNING * * *
You closely miss the deep elf mage.
The deep elf mage is severely wounded.
You block the deep elf mage's attack.
You barely miss the deep elf mage. You headbutt the deep elf mage.
The deep elf mage is severely wounded.
You closely miss the deep elf mage. Your headbutt misses the deep elf mage.
The deep elf mage is severely wounded.
The deep elf mage gestures wildly while chanting.
The deep elf mage blinks!
The deep elf mage gestures at you while chanting.
The bolt of cold misses you.
Nothing quivered!
You are too injured to fight recklessly!
The deep elf mage casts a spell at you. The bolt of cold hits you!!
You die...

#⌠...........⌠#
######.8.........8.##
##.___......###......_
###∩........8.# #(8.....
##..[..........###.(.)...
#⌠........).###...###(...
#⌠..........# #.<.# #....
#⌠..........###...###)...
##......@§.....###.......
###∩........8.# #.8.....
##∩e__.)....###.......
######.8.........8.##
#⌠..(........⌠#
###..(......###
#_(......_# #_(......_#
#_(......_#


You could see a deep elf mage.

Vanquished Creatures
  2 deep elf magi (D)
  3 wraiths (D)
  3 big kobolds (D)
  A wight (D)
  A howler monkey (D)
  An adder (D)
  A spectral bat (D)
  2 bats (D)
  A bat skeleton (D)
  3 kobolds (D)
  A spectral giant cockroach (D)
19 creatures vanquished.

Notes
Turn   | Place    | Note
-------+----------+-------------------------------------------
     0 | D        | radhat240 the Minotaur Fighter began the quest for the Orb.
     0 | D        | Reached XP level 1. HP: 19/19 MP: 0/0
     1 | D        | Found a hide-covered altar of Uskayaw.
     2 | D        | Found an ancient bone altar of Kikubaaqudgha.
     2 | D        | Found a viscous altar of Jiyva.
     3 | D        | Found a shimmering altar of Xom.
     4 | D        | Found Door's Distillery.
     4 | D        | Found a shimmering blue altar of Sif Muna.
     4 | D        | Found Degeuj's Do-It-Yourself Clinic.
     5 | D        | Found Ycsoph's Distillery.
     5 | D        | Found Puukhiw's Bottled Wisdom.
     5 | D        | Round 1.
     6 | D        | Noticed a howler monkey
     7 | D        | Found an iron altar of Okawaru.
    13 | D        | Killed a howler monkey
    14 | D        | Reached skill level 5 in Fighting
    14 | D        | Reached skill level 5 in Armour
    14 | D        | Reached skill level 5 in Shields
    14 | D        | Reached XP level 2. HP: 22/29 MP: 1/1
    14 | D        | Reached XP level 3. HP: 28/36 MP: 2/2
    28 | D        | Found Wuili's Staff Store.
    28 | D        | Found Moavi's Must-Have Magic.
    29 | D        | Found Qysty's Magic Scroll Shop.
    30 | D        | Found a roughly hewn altar of Beogh.
    30 | D        | Found a glowing silver altar of Zin.
    30 | D        | Found a basalt altar of Yredelemnul.
    30 | D        | Found Layxzem's Magic Scroll Shop.
    35 | D        | Reached skill level 6 in Armour
    41 | D        | Bought a scroll of brand weapon for 200 gold pieces
    53 | D        | Found a burning altar of Makhleb.
    64 | D        | Found a corrupted altar of Lugonu.
    64 | D        | Found a shadowy altar of Dithmenos.
    64 | D        | Found Odev Tits's Jewellery.
    65 | D        | Found Ithok's Advanced Armour.
    65 | D        | Arena points: 12 (+12) [x2]
    68 | D        | Became a worshipper of Makhleb the Destroyer
    69 | D        | Found a blossoming altar of Fedhas.
    69 | D        | Found a bloodstained altar of Trog.
    69 | D        | Found a snail-covered altar of Cheibriados.
    69 | D        | Found Hecib's Identification Station.
    89 | D        | Found a glowing golden altar of the Shining One.
    90 | D        | Found an ornate altar of the Wu Jian Council.
    91 | D        | Found a stormy altar of Qazlal.
    91 | D        | Found Sohiffeu's Premium Goods.
    92 | D        | Found Lueling's Miscellaneous Merchandise.
    92 | D        | Found Xueryon's Basic Armour.
    93 | D        | Found an opulent altar of Gozag.
    93 | D        | Found a sacrificial altar of Ru.
    93 | D        | Found a radiant altar of Vehumet.
    93 | D        | Found Woeq's Weapon Rack.
   142 | D        | Round 2.
   173 | D        | Noticed a big kobold
   186 | D        | Killed a big kobold
   186 | D        | Noticed a big kobold
   187 | D        | Reached skill level 5 in Axes
   187 | D        | Reached skill level 7 in Armour
   187 | D        | Reached XP level 4. HP: 28/45 MP: 3/3
   203 | D        | Reached * piety under Makhleb
   207 | D        | Killed a big kobold
   208 | D        | Reached XP level 5. HP: 42/53 MP: 4/4
   237 | D        | Reached ** piety under Makhleb
   237 | D        | Arena points: 54 (+42) [x3]
   238 | D        | Reached skill level 8 in Armour
   253 | D        | Round 3.
   269 | D        | Reached XP level 6. HP: 59/62 MP: 5/5
   284 | D        | Noticed a wraith
   285 | D        | Noticed a wraith
   297 | D        | Killed a wraith
   297 | D        | Reached *** piety under Makhleb
   298 | D        | Reached skill level 9 in Armour
   306 | D        | Killed a wraith
   307 | D        | Reached skill level 10 in Fighting
   307 | D        | Reached skill level 10 in Armour
   307 | D        | Reached skill level 10 in Shields
   307 | D        | Reached XP level 7. HP: 25/72 MP: 6/6
   310 | D        | Noticed a wraith
   330 | D        | Killed a wraith
   330 | D        | Arena points: 138 (+84) [x4]
   364 | D        | Round 4.
   372 | D        | Noticed a deep elf mage
   384 | D        | Killed a deep elf mage
   385 | D        | Reached skill level 10 in Axes
   385 | D        | Reached skill level 11 in Armour
   385 | D        | Reached XP level 8. HP: 29/82 MP: 7/7
   386 | D        | Noticed a deep elf mage
   390 | D        | Noticed a deep elf mage
   393 | D        | Killed a deep elf mage
   393 | D        | Reached **** piety under Makhleb
   394 | D        | Reached skill level 12 in Armour
   399 | D        | HP: 4/83 [deep elf mage/bolt of cold (25)]
   404 | D        | Killed from afar by a deep elf mage

Illustrated notes

Levels and vault maps discovered:
D:        arena_sprint

Skill      XL: |  1  2  3  4  5  6  7  8 |
---------------+-------------------------+-----
Fighting       | 5 6 7 8 10 11 | 11.9
Axes           | 3 5 6 7 9 10 11 | 11.2
Armour         | 5 7 8 10 11 12 | 12.0
Shields        | 5 6 7 8 10 11 | 11.9

Action                   |  1- 3 |  4- 6 |  7- 9 || total
-------------------------+-------+-------+-------++-------
Melee: War axe           |    21 |    48 |    33 ||   102
       Headbutt          |     2 |    10 |    10 ||    22
  Use: Scroll            |     1 |       |       ||     1
       Potion            |       |       |     1 ||     1
Armor: Scale mail        |    20 |    20 |     7 ||    47
Dodge: Dodged            |     6 |    18 |     5 ||    29
Block: Kite shield       |    15 |    24 |    16 ||    55
